 Dungeon Crawl Stone Soup version 0.30-a0-1016-gfb0d676c02 (webtiles) character file.

Game seed: 7407156991981823731

23 puppykicker the Charlatan (level 2, 0/31 HPs)
             Began as a Demonspawn Artificer on Apr 6, 2023.
             Succumbed to an adder's poison
             ... on level 2 of the Dungeon.
             The game lasted 00:01:32 (1009 turns).

puppykicker the Charlatan (Demonspawn Artificer)    Turns: 1009, Time: 00:01:33

Health: 0/31       AC:  4    Str: 12    XL:     2   Next: 72%
Magic:  2/2        EV: 11    Int: 12    God:
Gold:   90         SH:  0    Dex: 13    Spells: 1/1 levels left

rFire   + . .      SeeInvis .    a - +0 rapier
rCold   . . .      Faith    .    (no shield)
rNeg    . . .      Spirit   .    b - +0 leather armour
rPois   .          Reflect  .    (no helmet)
rElec   .          Rampage  .    k - +0 cloak
rCorr   .                        (no gloves)
Will    .....                    (no boots) Stlth
                                 (no amulet)
HPRegen 0.25/turn                F - ring of protection from fire
MPRegen 0.08/turn                (no ring)

@: berserking, lethally poisoned (0 -> -7), very quick
A: demonic guardian 1
a: no special abilities


You were on level 2 of the Dungeon.
You visited 1 branch of the dungeon, and saw 2 of its levels.

You collected 90 gold pieces.

Inventory:

Hand Weapons
 a - a +0 rapier (weapon)
Armour
 b - a +0 leather armour (worn)
 k - a +0 cloak (worn)
Jewellery
 F - a ring of protection from fire (left hand)
Wands
 c - a wand of flame (15)
 d - a wand of charming (15)
 e - a wand of iceblast (5)
Scrolls
 f - 4 scrolls of identify {unknown}
 g - a scroll of enchant armour {unknown}
 m - a scroll of fog {unknown}
 n - a scroll of teleportation {unknown}
 o - a scroll of blinking {unknown}
Potions
 h - a potion of cancellation {unknown}
 i - a potion of lignification {unknown}
 l - a potion of heal wounds {unknown}


   Skills:
 + Level 1.5 Fighting
 + Level 2.1 Armour
 + Level 1.4 Dodging
 - Level 0.8 Stealth
 + Level 3.3 Evocations


You had one spell level left.
You didn't know any spells.
Your spell library contained the following spells:

 Spells                   Type           Power      Damage    Failure   Level
 Magic Dart               Conj           0%         1d3       38%         1
 Call Imp                 Summ           0%         N/A       54%         2
 Mephitic Cloud           Conj/Pois/Air  0%         N/A       77%         3


Dungeon Overview and Level Annotations

Branches:
Dungeon (2/15)

Altars:


Innate Abilities, Weirdness & Mutations

A weak demonic guardian rushes to your aid.


Message History

You miss the adder.
You feel sick. The adder bites you.
You are lethally poisoned!
The adder poisons you! The adder barely misses you.
You take 3 damage, and have 12/21 hp.
You barely miss the adder.
* * * LOW HITPOINT WARNING * * *
You feel very sick. The adder closely misses you.
You take 4 damage, and have 8/21 hp.
You are too injured to fight recklessly!
You are too injured to fight recklessly!
Unknown command.
It was a potion of berserk rage.
A red film seems to cover your vision as you go berserk!
You feel yourself moving faster!
You feel mighty!
* * * LOW HITPOINT WARNING * * *
You feel very sick. The adder bites you but does no damage.
You now have 10/31 hp.
You are too injured to fight recklessly!
You are too injured to fight recklessly!
You hit the adder.
* * * LOW HITPOINT WARNING * * *
You feel sick. The adder misses you.
You take 2 damage, and have 8/31 hp.
You miss the adder.
You feel sick. The adder bites you but does no damage.
You take 1 damage, and have 7/31 hp.
You miss the adder.
You feel sick. The adder bites you.
* * * LOW HITPOINT WARNING * * *
A demonic guardian appears!
You are lethally poisoned!
The adder poisons you!
You take 1 damage, and have 6/31 hp.
You barely miss the adder.
* * * LOW HITPOINT WARNING * * *
You feel sick. The adder closely misses you. The adder bites you.
* * * LOW HITPOINT WARNING * * *
You take 5 damage, and have 1/31 hp.
You closely miss the adder.
You die...

.............#
#.####.####.# #.#
+.+..#.# #.#
#†#..#.#
.#+##.#+##.#'##.#
................#
.#+##.#'##.#'##.#
#..#.#..#.#..#.#
#.KS@'..#.#..#.#
####5####.####.#
.............#
###############


You could see an adder (ally target), a kobold and a friendly quasit (summoned).

Levels and vault maps discovered:
D:1:      lemuel_arrival_hallway, layout_basic,
          shapermc_ecumenical_altar_mp_highgroup
D:2:      minmay_door_path, layout_basic, basic_altar, minmay_pentomino_pile

Notes
Turn   | Place    | Note
-------+----------+-------------------------------------------
     0 | D:1      | puppykicker the Demonspawn Artificer began the quest for
                  | the Orb.
     0 | D:1      | Reached XP level 1. HP: 15/15 MP: 1/1
    19 | D:1      | Identified a +0 rapier
    69 | D:1      | Identified a +0 dagger
    82 | D:1      | Reached skill level 1 in Dodging
   253 | D:1      | Reached skill level 2 in Armour
   253 | D:1      | Gained mutation: A weak demonic guardian rushes to your
                  | aid. [demonic ancestry]
   253 | D:1      | Reached XP level 2. HP: 13/21 MP: 2/2
   342 | D:1      | Identified a +0 whip
   362 | D:1      | Found a faded altar of an unknown god.
   606 | D:1      | Identified a ring of protection from fire
   760 | D:1      | Identified a +0 cloak
   998 | D:2      | Identified a +0 dagger
  1004 | D:2      | Identified a potion of berserk rage
  1006 | D:2      | HP: 7/31 [poisoned by an adder]
  1008 | D:2      | HP: 1/31 [adder (3)]
  1009 | D:2      | Succumbed to an adder's poison

Table legend: (Time is in decaauts)
 A = Elapsed time spent in this place.
 B = Non-inter-level travel time spent in this place.
 C = Inter-level travel time spent in this place.
 D = Time resting spent in this place.
 E = Time spent auto-exploring this place.
 F = Levels seen in this place.
 G = Mean time per level.
                   A        B        C        D        E       F      G
               +--------+--------+--------+--------+--------+-----+--------+
         Total |   1020 |    995 |     25 |     33 |    790 |   2 |  510.0 |
       Dungeon |   1020 |    995 |     25 |     33 |    790 |   2 |  510.0 |
               +--------+--------+--------+--------+--------+-----+--------+

Top non-repeatable levels by time:
     D:1: 912 daAuts
     D:2: 107 daAuts

Table legend:
 A = Kills in this place as a percentage of kills in the entire game.
 B = Kills by you in this place as a percentage of kills by you in the entire game.
 C = Kills by friends in this place as a percentage of kills by friends in the entire game.
 D = Other kills in this place as a percentage of other kills in the entire game.
 E = Experience gained in this place as a percentage of experience gained in the entire game.
 F = Experience gained in this place divided by the number of levels of this place that you have seen.
                   A       B       C       D       E      F
               +-------+-------+-------+-------+-------+----------------------
         Total | 100.0 | 100.0 | 100.0 |   N/A | 100.0 |  16.5
       Dungeon | 100.0 | 100.0 | 100.0 |   N/A | 100.0 |  16.5
               +-------+-------+-------+-------+-------+----------------------

Skill      XL: |  1 |
---------------+----+-----
Dodging        | 1 |  1.4
Armour         | 2 |  2.1
Fighting       | |  1.5
Stealth        | |  0.8
Evocations     | |  3.3

Action                     || total
---------------------------++-------
  Melee: Rapier            ||    79
    Use: Potion            ||     1
   Stab: Sleeping          ||     2
 Armour: Leather armour    ||    14
  Dodge: Dodged            ||    53

Vanquished Creatures
  2 bats (D:1)
  3 endoplasms
  A giant cockroach (D:1)
  2 hobgoblins (D:1)
  3 jackals (D:1)
  A quokka (D:2)
  2 frilled lizards
  A goblin (D:1)
  2 rats
17 creatures vanquished.

Vanquished Creatures (collateral kills)
  A ball python (D:2)
  A hobgoblin (D:2)
2 creatures vanquished.

Grand Total: 19 creatures vanquished
